 Dungeon Crawl Stone Soup version 0.29-a0-1065-g47a6bb87d6 (webtiles) character file.

Game seed: 10128653898570695418

6522 Newt the Thrower (level 10, -5/71 HPs)
             Began as a Demonspawn Gladiator on Aug 18, 2022.
             Was a High Priest of Okawaru.
             Slain by Snorg (6 damage)
             ... on level 10 of the Dungeon.
             The game lasted 00:12:43 (9575 turns).

Newt the Thrower (Demonspawn Gladiator)             Turns: 9575, Time: 00:12:44

Health: -5/71      AC: 16    Str: 18    XL:     10   Next: 69%
Magic:  19/19      EV: 12    Int: 11    God:    Okawaru [*****.]
Gold:   518        SH:  6    Dex: 18    Spells: 9/9 levels left

rFire   . . .      SeeInvis .   a - +7 hammer of the Three Invaders {spect, Stlth+}
rCold   . . .      Faith    .   A - +0 buckler
rNeg    . . .      Spirit   .   M - +0 steam dragon scales
rPois   +          Reflect  .   (helmet restricted)
rElec   .          Harm     .   w - +1 cloak {rPois}
rCorr   .          Rampage  .   s - +0 pair of gloves
Will    .....                   (no boots)
Stlth   +++.......              J - amulet of Interdependent Arising {RegenMP MP+9 Dex+4}
HPRegen 0.21/turn               i - +4 ring of protection
MPRegen 0.56/turn               (no ring)

@: studying Throwing
A: hooves 2, spiny 1, weakness stinger 1, demonic touch 2, horns 1, iridescent
scales 1
a: Renounce Religion, Heroism, Finesse, Duel


You were on level 10 of the Dungeon.
You worshipped Okawaru.
Okawaru was extremely pleased with you.
You visited 2 branches of the dungeon, and saw 11 of its levels.
You also visited: Sewer.

You collected 620 gold pieces.
You spent 102 gold pieces at shops.

Inventory:

Hand Weapons
 a - the +7 hammer of the Three Invaders (weapon) {spect, Stlth+}
   (You found it on level 3 of the Dungeon)

   When its wielder attacks, the weapon's spirit leaps out and strikes again.
   The spirit shares a part of any damage it takes with its wielder.
   Stlth:     It makes you more stealthy.
 b - the +8 sling "Wasixkym" {flame, Str+4}
   (You found it on level 4 of the Dungeon)

   Any ammunition fired from it burns those it strikes, dealing additional fire
   damage.
   Str:       It affects your strength (+4).
 m - a +3 dagger of freezing
 t - a +2 whip of electrocution
 z - a +0 rapier
Missiles
 d - a throwing net
 e - a javelin
 k - 69 stones
 v - 39 poisoned darts (quivered)
 C - 6 datura-tipped darts
 I - 2 silver boomerangs
 Q - a silver javelin
Armour
 c - a +0 helmet
 s - a +0 pair of gloves (worn)
 w - a +1 cloak of poison resistance (worn)
 A - a +0 buckler (worn)
 G - a +0 leather armour
 M - +0 steam dragon scales (worn)
Jewellery
 g - a +4 ring of protection
 i - a +4 ring of protection (left hand)
 J - the amulet of Interdependent Arising (around neck) {RegenMP MP+9 Dex+4}
   (You found it on level 7 of the Dungeon)

   [amulet of magic regeneration]

   It increases your rate of magic regeneration.
   Dex:       It affects your dexterity (+4).
   MP:        It affects your magic capacity (+9).
Wands
 u - a wand of iceblast (1)
 B - a wand of mindburst (8)
 D - a wand of flame (18)
 L - a wand of light (4)
 O - a wand of paralysis (5)
Scrolls
 n - 2 scrolls of poison
 p - 3 scrolls of fog
 q - 6 scrolls of teleportation
 y - 3 scrolls of magic mapping
 E - a scroll of brand weapon
 H - a scroll of blinking
 N - 4 scrolls of enchant weapon
 R - a scroll of enchant armour
 S - a scroll of fear {unknown}
Potions
 f - 3 potions of might
 h - a potion of flight
 j - 3 potions of degeneration
 l - 3 potions of brilliance
 o - 5 potions of berserk rage
 r - a potion of resistance
 x - 6 potions of curing
 F - a potion of invisibility
 K - a potion of heal wounds
 P - a potion of attraction


   Skills:
 + Level 4.1 Fighting
 - Level 2.7 Short Blades
 - Level 8.0 Maces & Flails
 - Level 5.0 Ranged Weapons
 - Level 8.0 Throwing
 - Level 7.0 Armour
 - Level 2.6 Dodging
 - Level 2.0 Stealth
 - Level 6.0 Shields


You had 9 spell levels left.
You didn't know any spells.
Your spell library contained the following spells:

 Spells                   Type           Power      Damage    Failure   Level
 Apportation              Tloc           0%         N/A       41%         1
 Necrotise                Necr           0%         1d4       41%         1
 Blink                    Tloc           0%         N/A       56%         2
 Lesser Beckoning         Tloc           0%         N/A       80%         3
 Vampiric Draining        Necr           0%         2d6       80%         3
 Agony                    Necr           0%         N/A       100%        5
 Manifold Assault         Tloc           0%         N/A       100%        5
 Storm Form               Tmut/Air       0%         N/A       100%        7
 Maxwell's Capacitive Co  Air            0%         ∞         100%        8
 Summon Small Mammal      Summ           Unusable   N/A       N/A         1
 Summon Lightning Spire   Summ/Air       Unusable   N/A       N/A         4
 Summon Forest            Summ/Tloc      Unusable   N/A       N/A         5
 Summon Mana Viper        Hex/Summ       Unusable   N/A       N/A         5
 Summon Cactus Giant      Summ           Unusable   N/A       N/A         6

Dungeon Overview and Level Annotations

Branches:
Dungeon (10/15)            Temple (1/1) D:5             Orc (0/2) D:9
  Sewer (visited)
   Lair: D:8-11

Altars:
Ashenzari
Cheibriados
Dithmenos
Fedhas
Gozag
Hepliaklqana
Kikubaaqudgha
Makhleb
Nemelex Xobeh
Okawaru
Qazlal
Ru
Trog
Uskayaw
Vehumet
Wu Jian
Xom
Yredelemnul

Shops:
D:3 [

Annotations:
D:10 Snorg


Innate Abilities, Weirdness & Mutations

You have hoof-like feet.
You are partially covered in sharp spines.
You have a small tail.
Your touch may inflict irresistible damage on your foes.
You have a pair of small horns on your head.
You are partially covered in iridescent scales. (AC +2)


Message History

The orc warrior is struck by your spines.
The orc warrior closely misses you.
You hit the orc warrior but do no damage.
Your kick misses the orc warrior.
The orc warrior is lightly wounded.
The orc warrior misses you.
Snorg goes berserk!
You hit the orc warrior. Your kick misses the orc warrior.
Your headbutt misses the orc warrior.
The orc warrior is moderately wounded.
You block the orc warrior's attack.
You closely miss the orc warrior. You kick the orc warrior.
You headbutt the orc warrior.
The orc warrior is severely wounded.
The orc priest invokes the aid of Beogh against you.
Beogh smites you!
The orc warrior is struck by your spines.
The orc warrior hits you but does no damage.
You hit the orc warrior.
You kick the orc warrior, but do no damage.
The orc warrior is almost dead.
The orc warrior misses you.
You hear a shout!
You hit the orc warrior.
You kill the orc warrior!
Okawaru accepts your kill. Snorg bites you! You block Snorg's attack.
Snorg claws you.
The orc priest mumbles some strange prayers to Beogh against you.
Beogh smites you!
Training target 8.0 for Maces & Flails reached!
Your Maces & Flails skill increases to level 8!
You need to enable at least one skill for training.
An orc comes into view. It is wielding a +0 hand axe.
Snorg attacks as you move away! Snorg is struck by your spines.
Snorg bites you.
Snorg claws you. x2; Snorg is struck by your spines.
Snorg bites you!
* * * LOW HITPOINT WARNING * * *
Snorg claws you!
* * * LOW HITPOINT WARNING * * *
Snorg claws you.
You die...

#.# ##.# ... o.#
#o# #)# #.#
#.####.######.#
#.....#T......#
#.####@######.####
#.## #.#.. #..#
#.#.# ##.#####.#.#
#.........###
#######...>.#
########.#.#.#
.........#.#.#
######.##.#.#


You could see Snorg (berserk).

Vanquished Creatures
  A hydra (D:6)
  A two-headed ogre (D:8)
  A manticore (D:8)
  Maurice (D:9)
  A troll (D:6)
  Grinder (D:3)
  A hornet (D:9)
  5 yaks (D:9)
  A wyvern (D:9)
  A steam dragon (D:6)
  2 water moccasins
  2 orc warriors
  An ice beast (D:7)
  An ogre (D:7)
  2 sky beasts (D:7)
  A centaur (D:6)
  A phantom (D:5)
  4 kobold brigands
  Blork the orc (D:4)
  6 bullfrogs
  A necrophage (D:7)
  6 scorpions
  4 wights (D:8)
  4 killer bees (D:9)
  A howler monkey (D:8)
  2 jellies
  2 orc priests
  Crazy Yiuf (D:3)
  Terence (D:3)
  3 orc wizards
  5 iguanas
  8 adders
  2 river rats (D:3)
  2 ufetubi (D:6)
  5 worms
  2 dart slugs
  8 orcs
  10 bats
  6 endoplasms
  5 giant cockroaches
  6 goblins
  7 hobgoblins
  10 jackals
  18 kobolds
  6 quokkas
  10 ball pythons
  A frilled lizard (D:1)
  25 rats
196 creatures vanquished.

Notes
Turn   | Place    | Note
-------+----------+-------------------------------------------
     0 | D:1      | Newt the Demonspawn Gladiator began the quest for the Orb.
     0 | D:1      | Reached XP level 1. HP: 16/16 MP: 1/1
    41 | D:1      | Reached skill level 1 in Stealth
   390 | D:1      | Discovered your monstrous ancestry.
   390 | D:1      | Gained mutation: Your touch may inflict minor irresistible
                  | damage on your foes. [demonic ancestry]
   390 | D:1      | Reached XP level 2. HP: 22/22 MP: 2/2
   569 | D:1      | Reached XP level 3. HP: 28/28 MP: 3/3
  1425 | D:3      | Found a faded altar of an unknown god.
  1498 | D:3      | Reached XP level 4. HP: 6/37 MP: 4/4
  1712 | D:3      | Found a glowing drain.
  1717 | Sewer    | Entered a sewer
  1772 | Sewer    | Noticed a water moccasin
  1786 | Sewer    | Killed a water moccasin
  1787 | Sewer    | Reached XP level 5. HP: 14/42 MP: 5/5
  2193 | D:3      | Found Wahys's Armour Shop.
  2201 | D:3      | Bought a +0 cloak of poison resistance for 102 gold pieces
  2436 | D:3      | Identified a scroll of acquirement
  2436 | D:3      | Acquired a manual of Throwing
  2466 | D:3      | Noticed Grinder
  2471 | D:3      | Killed Grinder
  2472 | D:3      | Gained mutation: You are partially covered in sharp spines.
                  | [demonic ancestry]
  2472 | D:3      | Reached XP level 6. HP: 42/48 MP: 6/6
  2605 | D:3      | Noticed Terence
  2613 | D:3      | Killed Terence
  2780 | D:3      | Identified the +7 hammer of the Three Invaders {spect,
                  | Stlth+}
  2786 | D:3      | Found a runed translucent door.
  2787 | D:3      | Noticed Crazy Yiuf
  2794 | D:3      | Killed Crazy Yiuf
  2795 | D:3      | Reached skill level 5 in Throwing
  2983 | D:4      | Gained mutation: You have large cloven feet. [demonic
                  | ancestry]
  2983 | D:4      | Reached XP level 7. HP: 54/54 MP: 7/7
  3100 | D:4      | Found a shimmering altar of Xom.
  3407 | D:4      | Identified the +8 sling "Wasixkym" {flame, Str+4}
  4060 | D:4      | Noticed Blork the orc
  4064 | D:4      | Killed Blork the orc
  4139 | D:4      | Found a blossoming altar of Fedhas.
  4140 | D:4      | Found a bloodstained altar of Trog.
  4177 | D:5      | Entered Level 5 of the Dungeon
  4374 | D:5      | Reached skill level 1 in Ranged Weapons
  4484 | D:5      | Gained mutation: Your touch may inflict irresistible damage
                  | on your foes. [demonic ancestry]
  4484 | D:5      | Reached XP level 8. HP: 46/60 MP: 8/8
  4658 | D:5      | Found a staircase to the Ecumenical Temple.
  4670 | Temple   | Entered the Ecumenical Temple
  4847 | Temple   | Became a worshipper of Warmaster Okawaru
  5610 | D:6      | Noticed a troll
  5616 | D:6      | Killed a troll
  5704 | D:6      | You fall into a shaft and drop 2 floors!
  5792 | D:7      | Identified the amulet of Interdependent Arising {RegenMP
                  | MP+9 Dex+4}
  5826 | D:7      | Reached skill level 5 in Ranged Weapons
  5829 | D:7      | Reached skill level 1 in Shields
  5937 | D:7      | Reached * piety under Okawaru
  5965 | D:7      | Gained mutation: You have hoof-like feet. [demonic
                  | ancestry]
  5965 | D:7      | Reached XP level 9. HP: 65/65 MP: 9/9
  5975 | D:7      | Found a stormy altar of Qazlal.
  6055 | D:7      | Reached skill level 5 in Shields
  6668 | D:6      | Noticed a five-headed hydra
  6676 | D:6      | Reached skill level 1 in Armour
  6708 | D:6      | Killed a five-headed hydra
  6708 | D:6      | Reached ** piety under Okawaru
  6974 | D:8      | Noticed a manticore
  6986 | D:8      | Killed a manticore
  6986 | D:8      | Reached *** piety under Okawaru
  6987 | D:8      | Reached skill level 5 in Armour
  7736 | D:8      | Noticed a two-headed ogre
  7743 | D:8      | Killed a two-headed ogre
  7744 | D:8      | Gained mutation: You have a small tail. [demonic ancestry]
  7744 | D:8      | Reached XP level 10. HP: 44/71 MP: 10/10
  7963 | D:8      | Reached **** piety under Okawaru
  8334 | D:9      | Found a staircase to the Orcish Mines.
  8351 | D:9      | Reached skill level 5 in Maces & Flails
  8369 | D:9      | Received a gift from Okawaru
  8618 | D:9      | Gained mutation: Potions are less effective at restoring
                  | your health. [potion of mutation]
  8618 | D:9      | Gained mutation: You have a pair of small horns on your
                  | head. [potion of mutation]
  8619 | D:9      | Lost mutation: You have a pair of small horns on your head.
                  | [potion of mutation]
  8619 | D:9      | Lost mutation: Potions are less effective at restoring your
                  | health. [potion of mutation]
  8619 | D:9      | Gained mutation: You are partially covered in iridescent
                  | scales. (AC +2) [potion of mutation]
  8619 | D:9      | Gained mutation: You have a pair of small horns on your
                  | head. [potion of mutation]
  8669 | D:9      | Noticed Maurice
  8680 | D:9      | Killed Maurice
  8680 | D:9      | Reached ***** piety under Okawaru
  9133 | D:9      | Received a gift from Okawaru
  9527 | D:10     | Entered Level 10 of the Dungeon
  9562 | D:10     | Noticed Snorg
  9575 | D:10     | HP: 1/71 [Snorg (11)]
  9575 | D:10     | Slain by Snorg

Illustrated notes

Levels and vault maps discovered:
D:1:      roderic_dead_forest, layout_rooms, minmay_fountain_box
D:2:      layout_basic, basic_altar, fountainhead, kennysheep_generic_room_9
D:3:      layout_basic, nicolae_overflow_ecumenical_swirl, portal_sewer_entry_e,
          serial_shops, shop, nicolae_concentric_dashed_squares_wild,
          minmay_rat_hole, uniq_crazy_yiuf_cottage, uniq_grinder, uniq_terence
D:4:      layout_basic, xom_teletrap_fun, gammafunk_temple_overflow_statue,
          interstate_on_off, guppyfry_early_lair_pool, uniq_blork_the_orc
D:5:      nicolae_cairo_tiling_large, layout_basic,
          minmay_temple_entry_statues_pillars
D:6:      minmay_chambers_of_sixes, layout_rooms, grunt_decor_resistance,
          small_statue_intersection
D:7:      layout_cave_pools, grunt_qazlal_sundering
D:8:      layout_basic, lemuel_flamethrower_1
D:9:      layout_rooms, orc_0_dummy, uniq_maurice
D:10:     layout_loops_ring, serial_glass, glass_columns_b, glass_columns_a,
          glass_columns_b, glass_columns_b, uniq_maggie, uniq_snorg,
          uniq_psyche, uniq_harold
Temple:   minmay_crystal_spiral_temple

Skill      XL: |  1  2  3  4  5  6  7  8  9 10 |
---------------+-------------------------------+-----
Stealth        | 1 2 |  2.0
Fighting       | 3 4 |  4.1
Maces & Flails | 2 4 8 |  8.0
Throwing       | 4 5 8 |  8.0
Ranged Weapons | 2 5 |  5.0
Shields        | 4 6 |  6.0
Armour         | 7 |  7.0
Short Blades   | |  2.7
Dodging        | |  2.6

Action                   |  1- 3 |  4- 6 |  7- 9 | 10-12 || total
-------------------------+-------+-------+-------+-------++-------
Melee: Rapier            |    48 |       |       |       ||    48
       Dagger            |    66 |    16 |       |       ||    82
       Touch             |    12 |    17 |       |       ||    29
       Whip              |       |    81 |       |       ||    81
       Mace              |       |     3 |    50 |    88 ||   141
       Kick              |       |       |    23 |    27 ||    50
       Tailslap          |       |       |       |    12 ||    12
       Headbutt          |       |       |       |     8 ||     8
 Fire: Sling             |       |       |   117 |    16 ||   133
Throw: Throwing net      |     1 |     3 |       |       ||     4
       Javelin           |     1 |     1 |       |       ||     2
Invok: Heroism           |       |       |     1 |       ||     1
Evoke: Wand              |       |     1 |       |       ||     1
  Use: Scroll            |     7 |     3 |     7 |     4 ||    21
       Potion            |     1 |       |     1 |     3 ||     5
 Stab: Sleeping          |     4 |     2 |     5 |       ||    11
Armor: Leather armour    |    38 |    52 |    10 |       ||   100
       Steam dragon scal |       |       |    13 |    27 ||    40
Dodge: Dodged            |    60 |    88 |    23 |    30 ||   201
Block: Buckler           |       |       |    10 |    15 ||    25

Table legend: (Time is in decaauts)
 A = Elapsed time spent in this place.
 B = Non-inter-level travel time spent in this place.
 C = Inter-level travel time spent in this place.
 D = Time resting spent in this place.
 E = Time spent auto-exploring this place.
 F = Levels seen in this place.
 G = Mean time per level.
                   A        B        C        D        E       F      G
               +--------+--------+--------+--------+--------+-----+--------+
         Total |   9602 |   9244 |    358 |   1790 |   6221 |  12 |  800.2 |
       Dungeon |   8933 |   8663 |    270 |   1477 |   6034 |  10 |  893.3 |
        Temple |    215 |    127 |     88 |      0 |    111 |   1 |  215.0 |
         Sewer |    453 |    453 |      0 |    313 |     76 |   1 |  453.0 |
               +--------+--------+--------+--------+--------+-----+--------+

Top non-repeatable levels by time:
     D:8: 1499 daAuts
     D:4: 1224 daAuts
     D:9: 1204 daAuts
     D:6: 1144 daAuts
     D:3: 1127 daAuts
     D:5: 805 daAuts
     D:1: 781 daAuts
     D:2: 597 daAuts
     D:7: 502 daAuts
   Sewer: 453 daAuts
  Temple: 215 daAuts
    D:10: 48 daAuts
